 Dungeon Crawl Stone Soup version 0.30.1-11-g7821555f0a (webtiles) character file.

Game seed: 3303267344492413595

1369 bnorton916 the Thaumaturge (level 8, -4/41 HPs)
             Began as a Deep Elf Conjurer on Dec 11, 2023.
             Shot with an arrow by a centaur (8 damage)
             ... on level 5 of the Dungeon.
             The game lasted 00:11:12 (5693 turns).

bnorton916 the Thaumaturge (Deep Elf Conjurer)      Turns: 5693, Time: 00:11:13

Health: -4/41      AC:  6    Str: 10    XL:     8   Next: 38%
Magic:  20/22      EV: 12    Int: 26    God:
Gold:   82         SH:  0    Dex: 13    Spells: 11/23 levels left

rFire   . . .        (no weapon)
rCold   . . .        (no shield)
rNeg    . . .        a - +0 robe
rPois   .            (no helmet)
rElec   .            r - +0 cloak {Stlth+}
rCorr   .            c - +2 pair of gloves
SInv    .            (no boots)
Will    .....        g - amulet of magic regeneration
Stlth   +++          e - +6 ring of strength
HPRegen 0.26/turn    (no ring)
MPRegen 0.58/turn

%: no passive effects
@: no status effects
A: no striking features
a: no special abilities


You were on level 5 of the Dungeon.
You visited 1 branch of the dungeon, and saw 5 of its levels.
You also visited: Ossuary.

You collected 262 gold pieces.
You spent 180 gold pieces at shops.

Inventory:

Missiles
 q - 8 boomerangs
 t - 2 atropa-tipped darts
Armour
 a - a +0 robe (worn)
 c - a +2 pair of gloves (worn)
 n - a +0 buckler
 r - a +0 cloak of stealth (worn)
Jewellery
 e - a +6 ring of strength (left hand)
 g - an amulet of magic regeneration (around neck)
 m - a ring of flight
Scrolls
 d - a scroll of silence
 i - a scroll of noise
 k - 4 scrolls of vulnerability
 v - 2 scrolls of teleportation {unknown}
 w - 2 scrolls of enchant weapon {unknown}
 x - a scroll of magic mapping {unknown}
 y - a scroll of acquirement {unknown}
Potions
 b - 2 potions of magic
 f - 2 potions of heal wounds
 h - a potion of degeneration
 j - 4 potions of curing {unknown}
 l - 6 potions of mutation
 o - a potion of berserk rage
 p - 3 potions of cancellation {unknown}
 s - a potion of invisibility {unknown}
 z - a potion of attraction {unknown}
 A - 2 potions of ambrosia {unknown}


   Skills:
 - Level 2.4 Dodging
 - Level 2.4 Stealth
 + Level 8.4 Spellcasting
 + Level 7.9 Conjurations
 + Level 5.2 Hexes
 + Level 4.2 Translocations


You had 11 spell levels left.
You knew the following spells:

 Your Spells              Type           Power      Damage    Failure   Level
a - Magic Dart            Conj           100%       1d8       1%          1
b - Searing Ray           Conj           100%       2d8       1%          2
c - Fulminant Prism       Conj/Hex       22%        3d12      3%          4
d - Iskenderun's Mystic   Conj/Tloc      42%        2d10      4%          4
e - Summon Small Mammal   Summ           40%        N/A       5%          1

Your spell library contained the following spells:

 Spells                   Type           Power      Damage    Failure   Level
 Apportation              Tloc           66%        N/A       1%          1
 Static Discharge         Conj/Air       62%        2-5/arc   1%          2
 Dazzling Flash           Conj/Hex       90%        N/A       1%          3
 Tukima's Dance           Hex            37%        N/A       1%          3
 Gell's Gravitas          Tloc           33%        N/A       2%          3
 Portal Projectile        Hex/Tloc       70%        N/A       2%          3
 Teleport Other           Tloc           33%        N/A       2%          3
 Hailstorm                Conj/Ice       31%        3d8       3%          3
 Freeze                   Ice            40%        1d6       5%          1
 Necrotise                Necr           40%        1d6       5%          1
 Cigotuvi's Dreadful Rot  Necr/Pois/Air  20%        N/A       9%          2
 Passage of Golubria      Tloc           33%        N/A       10%         4
 Call Canine Familiar     Summ           10%        N/A       16%         3
 Frozen Ramparts          Ice            20%        1d4       16%         3
 Leda's Liquefaction      Hex/Erth       12%        N/A       19%         4
 Yara's Violent Unravell  Hex/Tmut       12%        3d7       45%         5
 Airstrike                Air            5%         2d(1-17)  47%         4
 Dispel Undead            Necr           10%        3d9       47%         4
 Summon Lightning Spire   Summ/Air       10%        N/A       47%         4
 Dispersal                Tloc           16%        N/A       82%         6
 Death Channel            Necr           5%         N/A       100%        6


Dungeon Overview and Level Annotations

Branches:
Dungeon (5/15)            Ossuary (visited)
 Temple: D:4-7

Altars:
Qazlal
Zin

Shops:
D:2 (   D:3 **   D:4 *(!


Message History

You start resting.
Magic restored.
You start waiting.
Done waiting.
You now have 82 gold pieces (gained 10).
You open the door.
There is an open door here.
A phantom and a howler monkey come into view.
The phantom moves out of view.
The howler monkey moves out of view.
A centaur comes into view.
The howler monkey hoots and howls with incredible vigour!
There is an open door here.
The centaur wields a +0 shortbow.
The centaur shoots an arrow.
The arrow hits you!
The centaur shoots an arrow.
The arrow hits you but does no damage.
Casting: Searing Ray (safe; 1% risk of failure)
Confirm with . or Enter, or press ? or * to list all spells.
Aiming: Fulminant Prism (dangerous; 3% risk of failure)
Press: ? - help, Dir - move target You conjure a prism of explosive energy!
A fulminant prism comes into view.
The centaur shoots an arrow.
The arrow hits you!
The howler monkey hoots and howls with incredible vigour!
Unknown command.
The centaur shoots an arrow.
The arrow closely misses you.
The centaur shoots an arrow.
The arrow hits you!
* * * LOW HITPOINT WARNING * * *
Your fulminant prism crackles loudly.
The centaur shoots an arrow.
The arrow hits you!
* * * LOW HITPOINT WARNING * * *
Your fulminant prism explodes!
The blast of energy engulfs the centaur!!
The centaur is almost dead.
The blast of energy engulfs the howler monkey!
The howler monkey is heavily wounded.
The blast of energy engulfs the phantom!!
The phantom is almost destroyed.
Unknown command.
The centaur shoots an arrow.
The arrow hits you!
You die...

.###### .......
....... .......
### ....... #.#
......c######.#
......h'...@..#
.......######.#
....... #.#
##'#### #.# #
######.######
#...........#
#.####.####.#
#.# #.# #######
#.# #.# #..<...


You could see a centaur and a howler monkey.

Vanquished Creatures
  Grinder (D:3)
  5 yaks (D:3)
  A black bear (D:5)
  2 water moccasin zombies (Ossuary)
  A scorpion (D:4)
  An iguana (D:4)
  2 mummies (Ossuary)
  3 adders
  8 adder zombies (Ossuary)
  A worm (D:2)
  3 dart slugs
  4 orcs
  4 ball pythons
  6 bats
  9 endoplasms
  4 giant cockroaches
  7 goblins
  8 hobgoblins
  6 jackals
  3 kobolds
  3 quokkas
  3 frilled lizards
  2 gnoll zombies (Ossuary)
  4 hobgoblin zombies (Ossuary)
  3 kobold zombies (Ossuary)
  6 orc zombies (Ossuary)
  5 rats
105 creatures vanquished.

Vanquished Creatures (others)
  5 fulminant prisms
5 creatures vanquished.

Grand Total: 110 creatures vanquished

Notes
Turn   | Place    | Note
-------+----------+-------------------------------------------
     0 | D:1      | bnorton916 the Deep Elf Conjurer began the quest for the
                  | Orb.
     0 | D:1      | Reached XP level 1. HP: 10/10 MP: 6/6
   132 | D:1      | Found a faded altar of an unknown god.
   312 | D:1      | Reached XP level 2. HP: 15/15 MP: 5/8
   604 | D:1      | Learned a level 2 spell: Searing Ray
  1083 | D:2      | Reached skill level 4 in Spellcasting
  1134 | D:2      | Reached skill level 5 in Conjurations
  1134 | D:2      | Reached XP level 3. HP: 19/19 MP: 8/10
  1467 | D:2      | Found Zoumasch's Weapon Shoppe.
  2201 | D:3      | Found a glowing silver altar of Zin.
  2259 | D:3      | Reached XP level 4. HP: 24/24 MP: 10/12
  2511 | D:3      | Found Aliyskysh's General Store.
  2646 | D:3      | Noticed Grinder
  2647 | D:3      | Paralysed by Grinder for 2 turns
  2655 | D:3      | Killed Grinder
  2656 | D:3      | Reached skill level 6 in Spellcasting
  2656 | D:3      | Reached XP level 5. HP: 5/28 MP: 6/15
  2656 | D:3      | Reached XP level 6. HP: 6/32 MP: 6/17
  2964 | D:3      | Learned a level 4 spell: Fulminant Prism
  2969 | D:3      | Learned a level 4 spell: Iskenderun's Mystic Blast
  3161 | D:3      | Found Besonnui's Assorted Antiques.
  3278 | D:3      | Bought a runed cloak for 180 gold pieces
  3360 | D:4      | Noticed a water elemental
  3363 | D:4      | Found a stormy altar of Qazlal.
  3368 | D:4      | Noticed an air elemental
  3368 | D:4      | Noticed a fire elemental
  3425 | D:4      | Found Tuvonez's Distillery.
  3429 | D:4      | Found Lynaak's Weapon Emporium.
  3439 | D:4      | Found Xaojaigix's General Store.
  3491 | D:4      | Noticed a yak
  3492 | D:4      | Noticed a yak
  3492 | D:4      | Noticed a yak
  3493 | D:4      | Noticed a yak
  3493 | D:4      | Noticed a yak
  3674 | D:4      | Reached skill level 1 in Hexes
  3686 | D:4      | Reached skill level 1 in Translocations
  3711 | D:4      | Found a sand-covered staircase.
  3716 | Ossuary  | Entered an ossuary
  3719 | Ossuary  | Learned a level 1 spell: Summon Small Mammal
  4239 | Ossuary  | Reached skill level 7 in Spellcasting
  4239 | Ossuary  | Reached XP level 7. HP: 33/36 MP: 10/19
  4484 | D:3      | Killed a yak
  4906 | D:3      | Killed a yak
  5065 | D:3      | Killed a yak
  5140 | D:3      | Killed a yak
  5141 | D:3      | Reached skill level 8 in Spellcasting
  5141 | D:3      | Reached XP level 8. HP: 38/41 MP: 12/22
  5173 | D:3      | Reached skill level 5 in Hexes
  5532 | D:5      | Entered Level 5 of the Dungeon
  5693 | D:5      | Shot with an arrow by a centaur

Illustrated notes

Levels and vault maps discovered:
D:1:      minmay_arrival_wavy_path, layout_basic,
          hellmonk_ecumenical_altar_prayer_group
D:2:      minmay_wonky_spiral, layout_basic, serial_shops,
          nicolae_shop_statue_plus
D:3:      layout_loops_ring, mainiacjoe_overflow_24_doors, serial_shops, shop,
          nicolae_shop_waterfront, solitary_fountain,
          chequers_serial_rivers_small_a, uniq_grinder
D:4:      layout_rooms, nicolae_qazlal_style_of_elements,
          nicolae_ossuary_entry_plus, nicolae_shop_distant_corner_stores
D:5:      layout_basic, overflow_temple_1_default, serial_shops, shop

Skill      XL: |  1  2  3  4  5  6  7  8 |
---------------+-------------------------+-----
Spellcasting   | 4 6 7 8 |  8.4
Conjurations   | 5 6 7 |  7.9
Hexes          | 2 4 5 |  5.2
Translocations | 2 3 4 |  4.2
Dodging        | |  2.4
Stealth        | |  2.4

Action                     |  1- 3 |  4- 6 |  7- 9 || total
---------------------------+-------+-------+-------++-------
   Cast: Magic Dart        |    90 |    35 |    10 ||   135
         Searing Ray       |     1 |    17 |    10 ||    28
         Fulminant Prism   |       |     2 |     3 ||     5
         Iskenderun's Myst |       |       |    10 ||    10
    Use: Scroll            |       |     5 |     2 ||     7
 Armour: Robe              |     9 |     6 |     2 ||    17
  Dodge: Dodged            |     5 |    19 |    11 ||    35
